AoeStats
← Horst der Graue

Scandinavia

510323669Analyzed
1v1 RM · 2d ago on Sep 30, 2026· 31m 11s· 2 players
Game mode
Random Map
Map size
Tiny (2 player)
Population
200
Speed
Normal
Resources
Standard
Victory
Conquest
Starting age
Dark Age
Ending age
Imperial Age
RankedLock teamsTeams togetherTeam positionsShared explorationLock speedFull tech treeHidden civsTurbo modeCheats
Victory
Defeat
1207
+17
🇩🇪 Danes · Germany
1233
-17
华东第一素质丨
6:28 Loom
9:18 Feudal Age
9:44 Double-Bit Axe
9:26 Man-at-Arms
14:06 Town Watch
16:38 Horse Collar
19:04 Wheelbarrow
21:37 Castle Age
20:00 Gold Mining
20:05 Arson
20:59 Forging
20:52 Scale Mail Armor
22:27 Squires
22:43 Bow Saw
22:39 Heavy Plow
22:58 Bloodlines
29:03 Iron Casting
28:44 Chain Mail Armor
Horst der Graue
10:39 Feudal Age
10:14 Loom
15:28 Fletching
19:58 Castle Age
18:18 Double-Bit Axe
19:01 Scale Mail Armor
19:50 Forging
19:41 Arson
20:55 Medium Warships
20:34 Fishing Lines
20:41 Pikeman
22:44 Bow Saw
24:33 Squires
24:44 Gillnets
28:13 Chain Mail Armor
Connection lost

Rejoining the realm…

Still unreachable

The connection could not be restored.

Session expired

The server has moved on; the page needs a fresh start.